 Dungeon Crawl Stone Soup version 0.21.0-3-g78d12a8 (webtiles) character file.

705 komo4ek the Covered (level 7, -4/44 HPs)
             Began as a Gargoyle Fighter on Jan 8, 2018.
             Slain by Prince Ribbit (8 damage)
             ... on level 6 of the Dungeon.
             The game lasted 00:10:07 (3670 turns).

komo4ek the Covered (Gargoyle Fighter)              Turns: 3670, Time: 00:10:08

Health: -4/44      AC: 18    Str: 21    XL:     7   Next: 67%
Magic:  7/7        EV:  4    Int:  9    God:
Gold:   166        SH:  9    Dex:  9    Spells: 6/6 levels left

rFire    x . .     SeeInvis .   a - +0 long sword
rCold    + . .     Gourm    .   c - +0 shield
rNeg     + . .     Faith    .   o - +0 plate armour
rPois    ∞         Spirit   .   (no helmet)
rElec    +         Reflect  .   (no cloak)
rCorr    .         Harm     .   (no gloves)
MR       .....                  n - +0 pair of boots
Stlth    ..........             (no amulet)
HPRegen  0.14/turn              (no ring)
MPRegen  0.10/turn              s - ring of ice

@: flying, hasted, very quick
A: negative energy resistance 1, electricity resistance, unbreathing,
petrification resistance, rot immunity, AC +4
a: no special abilities


You were on level 6 of the Dungeon.
You were not hungry.

You visited 1 branch of the dungeon, and saw 6 of its levels.

You collected 166 gold pieces.

Inventory:

Hand Weapons
 a - a +0 long sword (weapon)
 d - a +0 falchion
 i - a cursed -2 hand axe
 k - a +1 spear of venom
 x - the +2 whip of the Heavens {pain, Int+2}
   (You found it on level 4 of the Dungeon)

   In the hands of one skilled in necromantic magic, it inflicts extra damage on
   living creatures.
   It affects your intelligence (+2).
Armour
 b - a +0 scale mail
 c - a +0 shield (worn)
 n - a +0 pair of boots (worn)
 o - a +0 plate armour (worn)
 y - a +0 pair of boots
Jewellery
 s - a ring of ice (right hand)
Scrolls
 g - 3 scrolls of teleportation
 h - 2 scrolls of remove curse
 j - 3 scrolls of random uselessness {unknown}
 m - 4 scrolls of identify {unknown}
 t - 2 scrolls of amnesia {unknown}
 u - 2 scrolls of fog {unknown}
 v - a scroll of blinking {unknown}
 w - 3 scrolls of noise {unknown}
Potions
 l - a potion of magic
 q - a potion of agility {unknown}
Comestibles
 f - 2 rations


   Skills:
 + Level 5.1 Fighting
 * Level 5.0 Long Blades
 + Level 5.2 Armour
 + Level 5.1 Shields


You had 6 spell levels left.
You didn't know any spells.

Dungeon Overview and Level Annotations

Branches:
Dungeon (6/15)
 Temple: D:4-7

Altars:

Annotations:
D:5 Menkaure
D:6 Prince Ribbit


Innate Abilities, Weirdness & Mutations

You are resistant to torment.
Your stone body is resilient. (AC +4)
You are immune to poison.
You resist negative energy. (rN+)
You are resistant to electric shocks. (rElec)
You can survive without breathing.
You are immune to petrification.
You are immune to rotting.


Message History

Prince Ribbit blinks!
You start resting.
Prince Ribbit is nearby!
Prince Ribbit hits you but does no damage.
You hit Prince Ribbit.
Prince Ribbit is heavily wounded.
Prince Ribbit barely misses you. You block Prince Ribbit's attack.
You closely miss Prince Ribbit.
Prince Ribbit is heavily wounded.
You block Prince Ribbit's attack.
It was a potion of flight.
You feel very buoyant.
You fly up into the air.
Prince Ribbit hits you!
* * * LOW HITPOINT WARNING * * *
You block Prince Ribbit's attack.
It was a potion of magic.
Magic courses through your body. You block Prince Ribbit's attack.
It was a potion of haste.
You feel yourself speed up. You block Prince Ribbit's attack.
Prince Ribbit hits you!
You die...

. ... ####
##...######..#
..!......F@..#
.#.##..#####.#
..... #.#
..$.##. #<#
#.. .. #.# #.
## ..) . .....
#.[...#
#.....#


You could see Prince Ribbit.

Vanquished Creatures
  The ghost of Gildeon the Chopper, an amateur MiFi (D:4)
  An ice beast (D:6)
  A phantom (D:4)
  A big kobold (D:4)
  3 hounds
  2 bullfrog skeletons
  A worker ant (D:4)
  2 adders
  A howler monkey skeleton (D:4)
  A dart slug (D:1)
  3 orcs (D:4)
  4 giant cockroaches
  3 goblins
  7 hobgoblins
  10 kobolds
  6 quokkas
  A ball python (D:3)
  6 bats
  2 frilled lizards
  A rat (D:3)
57 creatures vanquished.

Notes
Turn   | Place    | Note
-------+----------+-------------------------------------------
     0 | D:1      | komo4ek the Gargoyle Fighter began the quest for the Orb.
     0 | D:1      | Reached XP level 1. HP: 14/14 MP: 1/1
   123 | D:1      | Reached XP level 2. HP: 16/19 MP: 2/2
   868 | D:2      | Reached XP level 3. HP: 23/23 MP: 3/3
  1624 | D:3      | Reached XP level 4. HP: 29/29 MP: 4/4
  1668 | D:3      | Found a faded altar of an unknown god.
  2316 | D:4      | Got a scorched whip
  2317 | D:4      | Identified the +2 whip of the Heavens {pain, Int+2} (You found it on level 4 of the Dungeon)
  2404 | D:4      | Reached XP level 5. HP: 33/33 MP: 5/5
  2442 | D:4      | Noticed a phantom
  2486 | D:4      | Killed a phantom
  2486 | D:4      | Reached XP level 6. HP: 33/39 MP: 6/6
  2916 | D:4      | Noticed Gildeon's ghost (amateur MiFi)
  2935 | D:4      | Killed Gildeon's ghost
  2935 | D:4      | Reached skill level 5 in Armour
  2935 | D:4      | Reached XP level 7. HP: 3/44 MP: 7/7
  3366 | D:5      | Entered Level 5 of the Dungeon
  3383 | D:5      | Reached skill level 5 in Fighting
  3383 | D:5      | Reached skill level 5 in Shields
  3393 | D:5      | Noticed Menkaure
  3423 | D:6      | Reached skill level 5 in Long Blades
  3648 | D:6      | Noticed Prince Ribbit
  3670 | D:6      | Slain by Prince Ribbit

Skill      XL: |  1  2  3  4  5  6  7 |
---------------+----------------------+-----
Long Blades    | 2 3 4 5 |  5.0
Armour         | 4 5 |  5.2
Fighting       | 4 5 |  5.1
Shields        | 4 5 |  5.1

Action                   |  1- 3 |  4- 6 |  7- 9 || total
-------------------------+-------+-------+-------++-------
Melee: Long sword        |   136 |   156 |    36 ||   328
       Whip              |       |    29 |       ||    29
  Use: Potion            |       |     1 |     3 ||     4
       Scroll            |       |       |     2 ||     2
  Eat: Ration            |     1 |     1 |     1 ||     3
Armor: Scale mail        |    34 |       |       ||    34
       Plate armour      |   113 |   139 |    24 ||   276
Dodge: Dodged            |    32 |    25 |     6 ||    63
Block: Shield            |    88 |   102 |    20 ||   210
       Rpst.: Long sword |    10 |    14 |     1 ||    25
